Ice Dragons vs Gangsters
Created - April 24, 2018 at 21:54
Goals
|
Ice Dragons |
2 |
1 |
0 |
3 |
Gangsters |
2 |
1 |
1 |
4 |
|
Shots
|
Ice Dragons |
16 |
7 |
0 |
23 |
Gangsters |
17 |
9 |
5 |
31 |
|
1st period
1. Gangsters , Magnus Paajarvi-Svensson 33 (Tomas Hertl 30, Colten Teubert 30) at 0:55
2. Ice Dragons , Troy Brouwer 52 (Curtis Glencross 58) at 9:40
3. Ice Dragons , Tyler Haskins 29 (Curtis Glencross 59) at 15:54
4. Gangsters , Artem Anisimov 14 (Chris Bourque 76, Devante Smith-Pelly 34) at 18:25 (PP)
Penalties :
Justin Shugg (Kin) for Holding (Minor) at 3:01, Devante Smith-Pelly (Bro) for Hooking (Minor) at 11:21, Troy Brouwer (Kin) for High sticking (Minor) at 17:10
2nd period
5. Gangsters , Maxime Sauvé 27 (Dave Dziurzynski 23, Seth Griffith 13) at 9:31
6. Ice Dragons , Petr Vrana 36 (Adam Larsson 11, Ryan Reaves 16) at 11:42
Penalties :
Adam Larsson (Kin) for Hooking (Minor) at 2:23, Brayden McNabb (Kin) for Goalie Interference (Minor) at 13:21, Michael Chaput (Kin) for High sticking (Minor) at 15:39, Samuel Groulx (Kin) for High sticking (Double Minor) at 17:51
3rd period
7. Gangsters , Seth Griffith 17 (Colten Teubert 31) at 18:09
Penalties :
Derrick Pouliot (Bro) for Hooking (Minor) at 14:52, Troy Brouwer (Kin) for Goalie Interference (Minor) at 18:40
Goalie Stats
Anders Nilsson (Kin), 27 saves from 31 shots - (0.871), L, 30-32-5, 60:00 minutes
Dustin Tokarski (Bro), 20 saves from 23 shots - (0.870), W, 29-20-2, 60:00 minutes
Players Stats for Ice Dragons
Player Name G A P +/- PIM S H SB GA TA FO MP PP MP PK MP
------------------------------------------------------------------------------------
Adam Larsson 0 1 1 2 2 3 1 2 0 1 0/0 25:26 2:12 6:17
Brandon Kozun 0 0 0 -2 0 1 1 1 0 0 0/0 9:45 0:03 0:00
Brayden McNabb 0 0 0 -1 2 1 0 3 0 0 0/0 21:24 1:46 6:23
Curtis Glencross 0 2 2 1 0 4 2 0 0 0 7/11 22:16 2:04 8:07
Joe Callahan 0 0 0 2 0 1 0 0 0 2 0/0 25:53 2:12 6:43
Justin Faulk 0 0 0 -1 0 2 1 0 0 0 0/0 22:51 1:46 7:45
Justin Shugg 0 0 0 0 2 0 1 0 0 0 0/0 8:49 0:03 0:00
Kevin Connauton 0 0 0 -1 0 1 0 1 1 0 0/0 11:15 0:00 0:00
Logan MacMillan 0 0 0 -2 0 0 0 0 0 0 0/1 9:46 0:03 0:00
Michael Chaput 0 0 0 1 2 0 2 0 0 0 5/7 12:31 1:51 0:00
Michael Ferland 0 0 0 0 0 0 1 0 0 0 0/0 11:16 0:00 2:30
Petr Vrana 1 0 1 1 0 4 2 0 0 0 0/1 17:02 1:51 4:11
Ryan Reaves 0 1 1 1 0 0 3 0 1 1 0/0 12:32 1:51 0:00
Sam Carrick 0 0 0 -2 0 0 0 0 0 0 0/2 12:29 0:00 2:47
Samuel Groulx 0 0 0 -1 4 0 1 0 0 0 0/0 13:25 0:00 1:50
Theodor Blueger 0 0 0 0 0 0 2 0 0 0 1/5 9:48 0:00 1:02
Troy Brouwer 1 0 1 1 4 3 2 1 1 0 0/0 20:17 2:04 6:10
Tyler Haskins 1 0 1 1 0 3 2 0 0 0 8/18 18:39 2:04 4:11
Players Stats for Gangsters
Player Name G A P +/- PIM S H SB GA TA FO MP PP MP PK MP
------------------------------------------------------------------------------------
Artem Anisimov 1 0 1 0 0 2 1 1 1 0 13/28 20:38 8:27 1:52
Brendan Woods 0 0 0 0 0 1 1 0 0 0 0/0 9:49 0:00 1:02
Chris Bourque 0 1 1 0 0 2 1 0 0 0 0/2 20:38 8:27 1:52
Colten Teubert 0 2 2 2 0 2 1 1 0 1 0/0 27:56 8:32 2:34
Dave Dziurzynski 0 1 1 1 0 0 0 1 1 1 0/0 15:55 5:36 0:00
Derrick Pouliot 0 0 0 0 2 0 1 0 0 0 0/0 11:16 0:00 0:00
Devante Smith-Pelly 0 1 1 1 2 1 1 0 0 0 0/0 16:20 5:30 0:00
Jonas Brodin 0 0 0 0 0 1 1 1 0 0 0/0 10:27 0:00 0:00
Magnus Paajarvi-Svensson 1 0 1 -1 0 3 1 0 0 0 0/0 12:16 0:26 1:05
Maxime Sauvé 1 0 1 1 0 3 3 0 0 0 4/5 18:00 5:36 1:01
Michael Sdao 0 0 0 -2 0 1 3 0 0 0 0/0 21:37 5:57 1:24
Morgan Ellis 0 0 0 -2 0 3 4 2 0 0 0/0 21:37 5:57 1:24
Patrik Nemeth 0 0 0 2 0 1 1 1 0 1 0/0 27:56 8:32 2:34
Richard Panik 0 0 0 0 0 3 1 1 1 0 0/0 20:53 8:17 1:01
Sebastian Collberg 0 0 0 0 0 1 0 1 0 0 0/0 8:47 0:00 0:00
Seth Griffith 1 1 2 0 0 5 2 0 0 0 4/6 8:47 0:00 0:00
Stefan Noesen 0 0 0 -1 0 1 4 0 0 0 0/0 11:11 0:26 0:00
Tomas Hertl 0 1 1 -1 0 1 0 1 1 0 3/4 11:57 0:42 0:03
3 Stars
1 - Seth Griffith (Bro)
2 - Colten Teubert (Bro)
3 - Maxime Sauvé (Bro)
Power Play
Ice Dragons - 0 on 2 Attempt(s) - 0.00%
Gangsters - 1 on 8 Attempt(s) - 12.50%
Penalty Kill
Ice Dragons - 7 on 8 Attempt(s) - 87.50%
- Score 0 goal in Penalty Kill
Gangsters - 2 on 2 Attempt(s) - 100.00%
- Score 0 goal in Penalty Kill
Team Stat
Ice Dragons - Hits : 21 - Faceoff Wins : 21 - Blocked Shots : 8 - Penalty Minutes : 16
Gangsters - Hits : 26 - Faceoff Wins : 24 - Blocked Shots : 10 - Penalty Minutes : 4
Official
Referees : Furlatt Eric and Charron Francis
Linesman : Scott Driscoll and Pierre Racicot
Game Notes
9:40 of 1st period - Ice Dragons goal is going for a video replay. After video review, Goal.
Finance
Level 1 -- Attendance: 1335 (66.75%) -- Ticket Income $53,400
Level 2 -- Attendance: 776 (77.60%) -- Ticket Income $15,520
Total Attendance: 2111 (70.37%)
Total Ticket Income: $68,920
Other Income: $3,446
Total Income: $72,366
Ice Dragons
5 vs 5 Forward
Center Left Wing Right Wing Time % Phy DF OF
1 Tyler Haskins Curtis Glencross Troy Brouwer 40 1 2 2
2 Michael Chaput Petr Vrana Ryan Reaves 30 1 2 2
3 Sam Carrick Logan MacMillan Brandon Kozun 20 1 2 2
4 Theodor Blueger Michael Ferland Justin Shugg 10 1 2 2
5 vs 5 Defense
Defense Defense Time % Phy DF OF
1 Joe Callahan Adam Larsson 40 1 2 2
2 Justin Faulk Brayden McNabb 30 1 2 2
3 Kevin Connauton Samuel Groulx 20 1 2 2
4 Joe Callahan Adam Larsson 10 1 2 2
PowerPlay Forward
Center Left Wing Right Wing Time % Phy DF OF
1 Tyler Haskins Curtis Glencross Troy Brouwer 60 1 2 2
2 Michael Chaput Petr Vrana Ryan Reaves 40 1 2 2
PowerPlay Defense
Defense Defense Time % Phy DF OF
1 Joe Callahan Adam Larsson 60 1 2 2
2 Justin Faulk Brayden McNabb 40 1 2 2
Penalty Kill 4 Players Forward
Center Wing Time % Phy DF OF
1 Curtis Glencross Troy Brouwer 60 1 2 2
2 Tyler Haskins Petr Vrana 40 1 2 2
Penalty Kill 4 Players Defense
Defense Defense Time % Phy DF OF
1 Joe Callahan Adam Larsson 60 1 2 2
2 Justin Faulk Brayden McNabb 40 1 2 2
Penalty Kill - 3 Players Forward
Forward Time % Phy DF OF
1 Curtis Glencross 60 1 2 2
2 Troy Brouwer 40 1 2 2
Penalty Kill - 3 Players Defense
Defense Defense Time % Phy DF OF
1 Joe Callahan Adam Larsson 60 1 2 2
2 Justin Faulk Brayden McNabb 40 1 2 2
4 vs 4 Forward
Center Wing Time % Phy DF OF
1 Curtis Glencross Troy Brouwer 60 1 2 2
2 Tyler Haskins Petr Vrana 40 1 2 2
4 vs 4 Defense
Defense Defense Time % Phy DF OF
1 Joe Callahan Adam Larsson 60 1 2 2
2 Justin Faulk Brayden McNabb 40 1 2 2
Last Minutes Offensive
Center Left Wing Right Wing Defense Defense
Tyler Haskins Curtis Glencross Troy Brouwer Joe Callahan Adam Larsson
Last Minutes Defensive
Center Left Wing Right Wing Defense Defense
Tyler Haskins Curtis Glencross Troy Brouwer Joe Callahan Adam Larsson
Goaltenders
Starting : Anders Nilsson
Backup : Harru Sateri
Extra Forwards
Normal : Logan MacMillan, Brandon Kozun, Sam Carrick - PP : Logan MacMillan, Brandon Kozun - PK : Sam Carrick
Extra Defensemen
Normal : Kevin Connauton, Samuel Groulx, Justin Faulk - PP : Kevin Connauton - PK : Samuel Groulx, Justin Faulk
Penalty Shots
Curtis Glencross, Troy Brouwer, Tyler Haskins, Petr Vrana, Ryan Reaves
Scratches
Michael Latta (Bruised Left Leg Injury), Chris Wagner (Healthy), Tomas Kudelka (Healthy), Christian Djoos (Healthy), Oscar Dansk (Healthy)
Gangsters
5 vs 5 Forward
Center Left Wing Right Wing Time % Phy DF OF
1 Artem Anisimov Chris Bourque Richard Panik 40 1 2 2
2 Maxime Sauvé Dave Dziurzynski Devante Smith-Pelly 30 1 2 2
3 Tomas Hertl Magnus Paajarvi-Svensson Stefan Noesen 20 1 2 2
4 Seth Griffith Brendan Woods Sebastian Collberg 10 1 2 2
5 vs 5 Defense
Defense Defense Time % Phy DF OF
1 Colten Teubert Patrik Nemeth 40 1 2 2
2 Michael Sdao Morgan Ellis 30 1 2 2
3 Jonas Brodin Derrick Pouliot 20 1 2 2
4 Colten Teubert Patrik Nemeth 10 1 2 2
PowerPlay Forward
Center Left Wing Right Wing Time % Phy DF OF
1 Artem Anisimov Chris Bourque Richard Panik 60 1 2 2
2 Maxime Sauvé Dave Dziurzynski Devante Smith-Pelly 40 1 2 2
PowerPlay Defense
Defense Defense Time % Phy DF OF
1 Colten Teubert Patrik Nemeth 60 1 2 2
2 Michael Sdao Morgan Ellis 40 1 2 2
Penalty Kill 4 Players Forward
Center Wing Time % Phy DF OF
1 Artem Anisimov Chris Bourque 60 1 2 2
2 Maxime Sauvé Richard Panik 40 1 2 2
Penalty Kill 4 Players Defense
Defense Defense Time % Phy DF OF
1 Colten Teubert Patrik Nemeth 60 1 2 2
2 Michael Sdao Morgan Ellis 40 1 2 2
Penalty Kill - 3 Players Forward
Forward Time % Phy DF OF
1 Artem Anisimov 60 1 2 2
2 Chris Bourque 40 1 2 2
Penalty Kill - 3 Players Defense
Defense Defense Time % Phy DF OF
1 Colten Teubert Patrik Nemeth 60 1 2 2
2 Michael Sdao Morgan Ellis 40 1 2 2
4 vs 4 Forward
Center Wing Time % Phy DF OF
1 Artem Anisimov Chris Bourque 60 1 2 2
2 Maxime Sauvé Richard Panik 40 1 2 2
4 vs 4 Defense
Defense Defense Time % Phy DF OF
1 Colten Teubert Patrik Nemeth 60 1 2 2
2 Michael Sdao Morgan Ellis 40 1 2 2
Last Minutes Offensive
Center Left Wing Right Wing Defense Defense
Artem Anisimov Chris Bourque Richard Panik Colten Teubert Patrik Nemeth
Last Minutes Defensive
Center Left Wing Right Wing Defense Defense
Artem Anisimov Chris Bourque Richard Panik Colten Teubert Patrik Nemeth
Goaltenders
Starting : Dustin Tokarski
Backup : Mike Condon
Extra Forwards
Normal : Tomas Hertl, Magnus Paajarvi-Svensson, Brendan Woods - PP : Tomas Hertl, Magnus Paajarvi-Svensson - PK : Brendan Woods
Extra Defensemen
Normal : Jonas Brodin, Derrick Pouliot, Michael Sdao - PP : Jonas Brodin - PK : Derrick Pouliot, Michael Sdao
Penalty Shots
Artem Anisimov, Chris Bourque, Maxime Sauvé, Richard Panik, Tomas Hertl
Scratches
Bryan Young (Healthy), Kevin Roy (Healthy), Brett Ponich (Healthy), Ryan Culkin (Healthy), Phillip Danault (Healthy)
Austen Brassard (Healthy), Gustav Nyquist (Torn Left Knee Ligaments Injury), Matt Delahey (Healthy), Jordan Binnington (Healthy)
% Time on Ice - Ice Dragons
Lines # - Real PCT - Wanted PCT - Time Play
Normal Forward
1 - 29% - 40% - 12:05
2 - 27% - 30% - 11:06
3 - 23% - 20% - 9:36
4 - 21% - 10% - 8:46
Normal Defense
1 - 39% - 40% - 16:07
2 - 32% - 30% - 13:20
3 - 27% - 20% - 11:15
4 - 2% - 10% - 0:51
PP Forward
1 - 53% - 60% - 2:07
2 - 47% - 40% - 1:51
PP Defense
1 - 55% - 60% - 2:12
2 - 45% - 40% - 1:46
PK Forward
1 - 71% - 60% - 10:18
2 - 29% - 40% - 4:11
PK Defense
1 - 46% - 60% - 6:44
2 - 54% - 40% - 7:45
PK3 Forward
1 - 0% - 60%
2 - 0% - 40%
PK3 Defense
1 - 0% - 60%
2 - 0% - 40%
44 Forward
1 - 0% - 60%
2 - 0% - 40%
44 Defense
1 - 0% - 60%
2 - 0% - 40%
Last Minute Offensive - 0:00
Last Minute Defensive - 0:00
Total
Forward - 60:00
Defense - 60:00
|
% Time on Ice - Gangsters
Lines # - Real PCT - Wanted PCT - Time Play
Normal Forward
1 - 25% - 40% - 10:20
2 - 28% - 30% - 11:42
3 - 26% - 20% - 10:44
4 - 21% - 10% - 8:47
Normal Defense
1 - 38% - 40% - 15:50
2 - 34% - 30% - 14:16
3 - 25% - 20% - 10:27
4 - 2% - 10% - 1:00
PP Forward
1 - 61% - 60% - 8:53
2 - 39% - 40% - 5:36
PP Defense
1 - 59% - 60% - 8:32
2 - 41% - 40% - 5:57
PK Forward
1 - 74% - 60% - 2:57
2 - 26% - 40% - 1:01
PK Defense
1 - 65% - 60% - 2:34
2 - 35% - 40% - 1:24
PK3 Forward
1 - 0% - 60%
2 - 0% - 40%
PK3 Defense
1 - 0% - 60%
2 - 0% - 40%
44 Forward
1 - 0% - 60%
2 - 0% - 40%
44 Defense
1 - 0% - 60%
2 - 0% - 40%
Last Minute Offensive - 0:00
Last Minute Defensive - 0:00
Total
Forward - 60:00
Defense - 60:00
|
Play by Play
1st period
0:01 of 1st period - Tyler Haskins wins face-off versus Artem Anisimov in neutral zone.
0:04 of 1st period - Wrist shot by Troy Brouwer.
0:04 of 1st period - Shot Misses the Net.
0:26 of 1st period - Colten Teubert is hit by Ryan Reaves and loses puck.
0:55 of 1st period - Wrist shot by Magnus Paajarvi-Svensson.
0:55 of 1st period - Goal by Magnus Paajarvi-Svensson - Ice Dragons : 0 - Gangsters : 1.
0:56 of 1st period - Seth Griffith wins face-off versus Theodor Blueger in neutral zone.
0:59 of 1st period - Slapshot by Morgan Ellis.
0:59 of 1st period - Deflect By Kevin Connauton.
0:59 of 1st period - Stopped by Anders Nilsson without a rebound.
1:00 of 1st period - Seth Griffith wins face-off versus Theodor Blueger in Ice Dragons zone.
1:07 of 1st period - Slapshot by Kevin Connauton.
1:07 of 1st period - Deflect By Brendan Woods.
1:07 of 1st period - Stopped by Dustin Tokarski without a rebound.
1:08 of 1st period - Artem Anisimov wins face-off versus Tyler Haskins in Gangsters zone.
1:20 of 1st period - Icing by Joe Callahan.
1:21 of 1st period - Maxime Sauvé wins face-off versus Tyler Haskins in Ice Dragons zone.
1:26 of 1st period - Wrist shot by Maxime Sauvé.
1:26 of 1st period - Stopped by Anders Nilsson with a rebound.
1:50 of 1st period - Wrist shot by Troy Brouwer.
1:50 of 1st period - Shot Misses the Net.
1:52 of 1st period - Slapshot by Adam Larsson.
1:52 of 1st period - Stopped by Dustin Tokarski with a rebound.
1:54 of 1st period - Backhand shot by Adam Larsson.
1:54 of 1st period - Stopped by Dustin Tokarski with a rebound.
1:56 of 1st period - Snap shot by Joe Callahan.
1:56 of 1st period - Shot Blocked by Dave Dziurzynski.
1:58 of 1st period - Slapshot by Joe Callahan.
1:58 of 1st period - Deflect By Curtis Glencross.
1:58 of 1st period - Shot Blocked by Morgan Ellis.
1:58 of 1st period - Puck is out of play.
1:59 of 1st period - Michael Chaput wins face-off versus Artem Anisimov in Gangsters zone.
2:26 of 1st period - Logan MacMillan is hit by Patrik Nemeth and loses puck.
2:53 of 1st period - Slapshot by Seth Griffith.
2:53 of 1st period - Stopped by Anders Nilsson with a rebound.
2:55 of 1st period - Slapshot by Sebastian Collberg.
2:55 of 1st period - Stopped by Anders Nilsson with a rebound.
3:01 of 1st period - Minor Penalty to Justin Shugg for Holding.
3:02 of 1st period - Artem Anisimov wins face-off versus Curtis Glencross in Ice Dragons zone.
5:01 of 1st period - Penalty to Justin Shugg is over, Justin Shugg is back on ice.
5:16 of 1st period - Samuel Groulx is hit by Michael Sdao and loses puck.
5:39 of 1st period - Slapshot by Magnus Paajarvi-Svensson.
5:39 of 1st period - Shot Blocked by Kevin Connauton.
5:59 of 1st period - Derrick Pouliot is hit by Troy Brouwer and loses puck.
6:25 of 1st period - Snap shot by Brandon Kozun.
6:25 of 1st period - Stopped by Dustin Tokarski with a rebound.
6:27 of 1st period - Wrist shot by Logan MacMillan.
6:27 of 1st period - Shot Blocked by Jonas Brodin.
6:43 of 1st period - Brayden McNabb is hit by Derrick Pouliot and loses puck.
7:12 of 1st period - Colten Teubert is hit by Petr Vrana.
7:44 of 1st period - Slapshot by Adam Larsson.
7:44 of 1st period - Deflect By Dave Dziurzynski.
7:44 of 1st period - Stopped by Dustin Tokarski without a rebound.
7:45 of 1st period - Artem Anisimov wins face-off versus Theodor Blueger in Gangsters zone.
8:48 of 1st period - Slapshot by Justin Faulk.
8:48 of 1st period - Stopped by Dustin Tokarski without a rebound.
8:49 of 1st period - Seth Griffith wins face-off versus Tyler Haskins in Gangsters zone.
8:58 of 1st period - Slapshot by Morgan Ellis.
8:58 of 1st period - Stopped by Anders Nilsson without a rebound.
8:59 of 1st period - Artem Anisimov wins face-off versus Tyler Haskins in Ice Dragons zone.
9:10 of 1st period - Slapshot by Artem Anisimov.
9:10 of 1st period - Shot Misses the Net.
9:12 of 1st period - Wrist shot by Artem Anisimov.
9:12 of 1st period - Deflect By Richard Panik.
9:12 of 1st period - Stopped by Anders Nilsson with a rebound.
9:26 of 1st period - Slapshot by Tomas Hertl.
9:26 of 1st period - Shot Misses the Net.
9:34 of 1st period - Snap shot by Curtis Glencross.
9:34 of 1st period - Stopped by Dustin Tokarski with a rebound.
9:36 of 1st period - Snap shot by Curtis Glencross.
9:36 of 1st period - Stopped by Dustin Tokarski with a rebound.
9:40 of 1st period - Snap shot by Troy Brouwer.
9:40 of 1st period - Ice Dragons goal is going for a video replay.
9:40 of 1st period - The goal is good.
9:40 of 1st period - Goal by Troy Brouwer - Ice Dragons : 1 - Gangsters : 1.
9:41 of 1st period - Michael Chaput wins face-off versus Artem Anisimov in neutral zone.
10:27 of 1st period - Wrist shot by Curtis Glencross.
10:27 of 1st period - Shot Misses the Net.
10:29 of 1st period - Slapshot by Brayden McNabb.
10:29 of 1st period - Stopped by Dustin Tokarski without a rebound.
10:30 of 1st period - Artem Anisimov wins face-off versus Tyler Haskins in Gangsters zone.
10:30 of 1st period - Artem Anisimov is hit by Troy Brouwer.
10:36 of 1st period - Wrist shot by Troy Brouwer.
10:36 of 1st period - Shot Misses the Net.
10:38 of 1st period - Wrist shot by Curtis Glencross.
10:38 of 1st period - Stopped by Dustin Tokarski with a rebound.
10:58 of 1st period - Wrist shot by Tomas Hertl.
10:58 of 1st period - Stopped by Anders Nilsson with a rebound.
11:00 of 1st period - Wrist shot by Stefan Noesen.
11:00 of 1st period - Stopped by Anders Nilsson with a rebound.
11:02 of 1st period - Snap shot by Stefan Noesen.
11:02 of 1st period - Shot Blocked by Brayden McNabb.
11:04 of 1st period - Snap shot by Patrik Nemeth.
11:04 of 1st period - Stopped by Anders Nilsson with a rebound.
11:06 of 1st period - Slapshot by Patrik Nemeth.
11:06 of 1st period - Shot Misses the Net.
11:21 of 1st period - Minor Penalty to Devante Smith-Pelly for Hooking.
11:22 of 1st period - Curtis Glencross wins face-off versus Chris Bourque in Gangsters zone.
11:30 of 1st period - Snap shot by Curtis Glencross.
11:30 of 1st period - Shot Misses the Net.
11:32 of 1st period - Snap shot by Troy Brouwer.
11:32 of 1st period - Stopped by Dustin Tokarski with a rebound.
11:36 of 1st period - Snap shot by Curtis Glencross.
11:36 of 1st period - Shot Misses the Net.
11:38 of 1st period - Slapshot by Joe Callahan.
11:38 of 1st period - Stopped by Dustin Tokarski with a rebound.
13:21 of 1st period - Penalty to Devante Smith-Pelly is over, Devante Smith-Pelly is back on ice.
13:53 of 1st period - Wrist shot by Maxime Sauvé.
13:53 of 1st period - Stopped by Anders Nilsson without a rebound.
13:54 of 1st period - Tomas Hertl wins face-off versus Theodor Blueger in Ice Dragons zone.
13:55 of 1st period - Snap shot by Magnus Paajarvi-Svensson.
13:55 of 1st period - Stopped by Anders Nilsson with a rebound.
13:57 of 1st period - Slapshot by Magnus Paajarvi-Svensson.
13:57 of 1st period - Shot Blocked by Brayden McNabb.
13:59 of 1st period - Wrist shot by Morgan Ellis.
13:59 of 1st period - Deflect By Brayden McNabb.
13:59 of 1st period - Stopped by Anders Nilsson with a rebound.
14:51 of 1st period - Brayden McNabb is hit by Chris Bourque and loses puck.
15:44 of 1st period - Snap shot by Seth Griffith.
15:44 of 1st period - Stopped by Anders Nilsson with a rebound.
15:46 of 1st period - Snap shot by Seth Griffith.
15:46 of 1st period - Stopped by Anders Nilsson without a rebound.
15:47 of 1st period - Tyler Haskins wins face-off versus Seth Griffith in Ice Dragons zone.
15:54 of 1st period - Snap shot by Tyler Haskins.
15:54 of 1st period - Goal by Tyler Haskins - Ice Dragons : 2 - Gangsters : 1.
15:55 of 1st period - Tyler Haskins wins face-off versus Artem Anisimov in neutral zone.
16:20 of 1st period - Adam Larsson is hit by Maxime Sauvé and loses puck.
16:51 of 1st period - Snap shot by Brandon Kozun.
16:51 of 1st period - Shot Misses the Net.
17:10 of 1st period - Minor Penalty to Troy Brouwer for High sticking.
17:11 of 1st period - Curtis Glencross wins face-off versus Artem Anisimov in Ice Dragons zone.
17:11 of 1st period - Curtis Glencross is hit by Artem Anisimov.
17:32 of 1st period - Colten Teubert is hit by Curtis Glencross and loses puck.
18:11 of 1st period - Icing by Devante Smith-Pelly.
18:12 of 1st period - Maxime Sauvé wins face-off versus Curtis Glencross in Gangsters zone.
18:19 of 1st period - Snap shot by Artem Anisimov.
18:19 of 1st period - Shot Misses the Net.
18:21 of 1st period - Wrist shot by Chris Bourque.
18:21 of 1st period - Shot Blocked by Adam Larsson.
18:25 of 1st period - Slapshot by Artem Anisimov.
18:25 of 1st period - Goal by Artem Anisimov - Ice Dragons : 2 - Gangsters : 2.
18:26 of 1st period - Artem Anisimov wins face-off versus Michael Chaput in neutral zone.
18:37 of 1st period - Richard Panik is hit by Ryan Reaves and loses puck.
18:56 of 1st period - Snap shot by Curtis Glencross.
18:56 of 1st period - Stopped by Dustin Tokarski with a rebound.
19:00 of 1st period - Snap shot by Curtis Glencross.
19:00 of 1st period - Shot Misses the Net.
19:02 of 1st period - Snap shot by Tyler Haskins.
19:02 of 1st period - Stopped by Dustin Tokarski with a rebound.
19:04 of 1st period - Snap shot by Troy Brouwer.
19:04 of 1st period - Shot Misses the Net.
19:14 of 1st period - Brayden McNabb is hit by Stefan Noesen and loses puck.
19:19 of 1st period - Wrist shot by Magnus Paajarvi-Svensson.
19:19 of 1st period - Shot Blocked by Brandon Kozun.
19:21 of 1st period - Slapshot by Michael Sdao.
19:21 of 1st period - Stopped by Anders Nilsson without a rebound.
19:22 of 1st period - Michael Chaput wins face-off versus Artem Anisimov in Ice Dragons zone.
Goals for this period are 2 for Ice Dragons vs 2 for Gangsters.
Shots for this period are 16 for Ice Dragons vs 17 for Gangsters.
2nd period
0:01 of 2nd period - Tyler Haskins wins face-off versus Artem Anisimov in neutral zone.
0:04 of 2nd period - Slapshot by Troy Brouwer.
0:04 of 2nd period - Shot Misses the Net.
0:26 of 2nd period - Adam Larsson is hit by Devante Smith-Pelly.
0:33 of 2nd period - Joe Callahan is hit by Maxime Sauvé and loses puck.
0:36 of 2nd period - Wrist shot by Michael Chaput.
0:36 of 2nd period - Shot Blocked by Colten Teubert.
1:08 of 2nd period - Snap shot by Tyler Haskins.
1:08 of 2nd period - Shot Misses the Net.
1:24 of 2nd period - Slapshot by Colten Teubert.
1:24 of 2nd period - Stopped by Anders Nilsson without a rebound.
1:25 of 2nd period - Theodor Blueger wins face-off versus Seth Griffith in Ice Dragons zone.
1:34 of 2nd period - Wrist shot by Joe Callahan.
1:34 of 2nd period - Deflect By Michael Ferland.
1:34 of 2nd period - Shot Blocked by Sebastian Collberg.
1:34 of 2nd period - Puck is out of play.
1:35 of 2nd period - Curtis Glencross wins face-off versus Artem Anisimov in Gangsters zone.
1:36 of 2nd period - Snap shot by Troy Brouwer.
1:36 of 2nd period - Stopped by Dustin Tokarski without a rebound.
1:37 of 2nd period - Tyler Haskins wins face-off versus Artem Anisimov in Gangsters zone.
1:38 of 2nd period - Wrist shot by Troy Brouwer.
1:38 of 2nd period - Shot Blocked by Richard Panik.
1:41 of 2nd period - Icing by Chris Bourque.
1:42 of 2nd period - Tyler Haskins wins face-off versus Artem Anisimov in Gangsters zone.
2:11 of 2nd period - Wrist shot by Devante Smith-Pelly.
2:11 of 2nd period - Stopped by Anders Nilsson with a rebound.
2:13 of 2nd period - Snap shot by Maxime Sauvé.
2:13 of 2nd period - Shot Misses the Net.
2:15 of 2nd period - Wrist shot by Maxime Sauvé.
2:15 of 2nd period - Shot Blocked by Adam Larsson.
2:23 of 2nd period - Minor Penalty to Adam Larsson for Hooking.
2:24 of 2nd period - Curtis Glencross wins face-off versus Artem Anisimov in Ice Dragons zone.
3:24 of 2nd period - Slapshot by Chris Bourque.
3:24 of 2nd period - Stopped by Anders Nilsson with a rebound.
4:14 of 2nd period - Tyler Haskins is hit by Morgan Ellis and loses puck.
4:23 of 2nd period - Penalty to Adam Larsson is over, Adam Larsson is back on ice.
4:25 of 2nd period - Petr Vrana is hit by Morgan Ellis and loses puck.
4:36 of 2nd period - Snap shot by Petr Vrana.
4:36 of 2nd period - Stopped by Dustin Tokarski without a rebound.
4:37 of 2nd period - Maxime Sauvé wins face-off versus Sam Carrick in Gangsters zone.
5:02 of 2nd period - Patrik Nemeth is hit by Petr Vrana and loses puck.
5:35 of 2nd period - Adam Larsson is hit by Morgan Ellis and loses puck.
6:33 of 2nd period - Slapshot by Petr Vrana.
6:33 of 2nd period - Stopped by Dustin Tokarski with a rebound.
6:58 of 2nd period - Samuel Groulx is hit by Michael Sdao and loses puck.
7:17 of 2nd period - Michael Sdao is hit by Michael Ferland and loses puck.
7:27 of 2nd period - Icing by Justin Shugg.
7:28 of 2nd period - Tomas Hertl wins face-off versus Logan MacMillan in Ice Dragons zone.
7:54 of 2nd period - Icing by Troy Brouwer.
7:55 of 2nd period - Tyler Haskins wins face-off versus Maxime Sauvé in Ice Dragons zone.
8:04 of 2nd period - Snap shot by Tyler Haskins.
8:04 of 2nd period - Stopped by Dustin Tokarski without a rebound.
8:05 of 2nd period - Maxime Sauvé wins face-off versus Tyler Haskins in Gangsters zone.
8:12 of 2nd period - Wrist shot by Dave Dziurzynski.
8:12 of 2nd period - Shot Blocked by Troy Brouwer.
9:31 of 2nd period - Wrist shot by Maxime Sauvé.
9:31 of 2nd period - Goal by Maxime Sauvé - Ice Dragons : 2 - Gangsters : 3.
9:32 of 2nd period - Tyler Haskins wins face-off versus Artem Anisimov in neutral zone.
9:57 of 2nd period - Snap shot by Magnus Paajarvi-Svensson.
9:57 of 2nd period - Stopped by Anders Nilsson with a rebound.
11:29 of 2nd period - Off-side.
11:30 of 2nd period - Michael Chaput wins face-off versus Tomas Hertl in neutral zone.
11:30 of 2nd period - Michael Chaput is hit by Stefan Noesen.
11:42 of 2nd period - Slapshot by Petr Vrana.
11:42 of 2nd period - Goal by Petr Vrana - Ice Dragons : 3 - Gangsters : 3.
11:43 of 2nd period - Artem Anisimov wins face-off versus Tyler Haskins in neutral zone.
11:48 of 2nd period - Slapshot by Chris Bourque.
11:48 of 2nd period - Stopped by Anders Nilsson without a rebound.
11:49 of 2nd period - Artem Anisimov wins face-off versus Tyler Haskins in Ice Dragons zone.
11:54 of 2nd period - Snap shot by Artem Anisimov.
11:54 of 2nd period - Stopped by Anders Nilsson without a rebound.
11:55 of 2nd period - Artem Anisimov wins face-off versus Tyler Haskins in Ice Dragons zone.
11:56 of 2nd period - Wrist shot by Richard Panik.
11:56 of 2nd period - Stopped by Anders Nilsson with a rebound.
13:21 of 2nd period - Minor Penalty to Brayden McNabb for Goalie Interference.
13:22 of 2nd period - Artem Anisimov wins face-off versus Curtis Glencross in Ice Dragons zone.
15:21 of 2nd period - Penalty to Brayden McNabb is over, Brayden McNabb is back on ice.
15:24 of 2nd period - Slapshot by Adam Larsson.
15:24 of 2nd period - Deflect By Petr Vrana.
15:24 of 2nd period - Stopped by Dustin Tokarski without a rebound.
15:25 of 2nd period - Seth Griffith wins face-off versus Petr Vrana in Gangsters zone.
15:39 of 2nd period - Minor Penalty to Michael Chaput for High sticking.
15:40 of 2nd period - Curtis Glencross wins face-off versus Artem Anisimov in Ice Dragons zone.
17:01 of 2nd period - Snap shot by Justin Faulk.
17:01 of 2nd period - Shot Blocked by Morgan Ellis.
17:03 of 2nd period - Snap shot by Justin Faulk.
17:03 of 2nd period - Stopped by Dustin Tokarski with a rebound.
17:05 of 2nd period - Wrist shot by Sam Carrick.
17:05 of 2nd period - Shot Misses the Net.
17:07 of 2nd period - Slapshot by Justin Faulk.
17:07 of 2nd period - Shot Misses the Net.
17:35 of 2nd period - Petr Vrana is hit by Colten Teubert.
17:39 of 2nd period - Penalty to Michael Chaput is over, Michael Chaput is back on ice.
17:49 of 2nd period - Wrist shot by Seth Griffith.
17:49 of 2nd period - Stopped by Anders Nilsson with a rebound.
17:51 of 2nd period - Double Minor Penalty to Samuel Groulx for High sticking.
17:52 of 2nd period - Curtis Glencross wins face-off versus Artem Anisimov in Ice Dragons zone.
18:05 of 2nd period - Snap shot by Troy Brouwer.
18:05 of 2nd period - Shot Misses the Net.
18:15 of 2nd period - Tyler Haskins is hit by Maxime Sauvé.
Goals for this period are 1 for Ice Dragons vs 1 for Gangsters.
Shots for this period are 7 for Ice Dragons vs 9 for Gangsters.
3rd period
0:01 of 3rd period - Curtis Glencross wins face-off versus Artem Anisimov in neutral zone.
1:51 of 3rd period - Penalty to Samuel Groulx is over, Samuel Groulx is back on ice.
4:40 of 3rd period - Dave Dziurzynski is hit by Brandon Kozun and loses puck.
4:55 of 3rd period - Seth Griffith is hit by Theodor Blueger and loses puck.
5:04 of 3rd period - Wrist shot by Theodor Blueger.
5:04 of 3rd period - Shot Misses the Net.
6:22 of 3rd period - Stefan Noesen is hit by Samuel Groulx and loses puck.
6:41 of 3rd period - Morgan Ellis is hit by Michael Chaput.
7:08 of 3rd period - Logan MacMillan is hit by Brendan Woods.
7:22 of 3rd period - Artem Anisimov is hit by Ryan Reaves and loses puck.
7:47 of 3rd period - Maxime Sauvé is hit by Theodor Blueger and loses puck.
9:19 of 3rd period - Seth Griffith is hit by Justin Shugg and loses puck.
9:55 of 3rd period - Wrist shot by Brendan Woods.
9:55 of 3rd period - Stopped by Anders Nilsson without a rebound.
9:56 of 3rd period - Artem Anisimov wins face-off versus Michael Chaput in Ice Dragons zone.
10:01 of 3rd period - Snap shot by Richard Panik.
10:01 of 3rd period - Stopped by Anders Nilsson without a rebound.
10:02 of 3rd period - Michael Chaput wins face-off versus Chris Bourque in Ice Dragons zone.
10:16 of 3rd period - Snap shot by Petr Vrana.
10:16 of 3rd period - Shot Blocked by Patrik Nemeth.
10:18 of 3rd period - Wrist shot by Michael Chaput.
10:18 of 3rd period - Shot Blocked by Artem Anisimov.
10:32 of 3rd period - Slapshot by Colten Teubert.
10:32 of 3rd period - Stopped by Anders Nilsson with a rebound.
10:48 of 3rd period - Snap shot by Adam Larsson.
10:48 of 3rd period - Shot Misses the Net.
10:54 of 3rd period - Sam Carrick is hit by Magnus Paajarvi-Svensson and loses puck.
11:31 of 3rd period - Ryan Reaves is hit by Seth Griffith and loses puck.
11:50 of 3rd period - Snap shot by Magnus Paajarvi-Svensson.
11:50 of 3rd period - Shot Misses the Net.
11:58 of 3rd period - Stefan Noesen is hit by Tyler Haskins and loses puck.
12:50 of 3rd period - Samuel Groulx is hit by Seth Griffith.
12:54 of 3rd period - Slapshot by Jonas Brodin.
12:54 of 3rd period - Stopped by Anders Nilsson with a rebound.
13:08 of 3rd period - Justin Faulk is hit by Stefan Noesen.
13:12 of 3rd period - Tomas Hertl is hit by Justin Faulk and loses puck.
13:23 of 3rd period - Ryan Reaves is hit by Jonas Brodin and loses puck.
13:52 of 3rd period - Snap shot by Chris Bourque.
13:52 of 3rd period - Shot Blocked by Brayden McNabb.
14:02 of 3rd period - Brayden McNabb is hit by Morgan Ellis and loses puck.
14:11 of 3rd period - Justin Faulk is hit by Michael Sdao and loses puck.
14:22 of 3rd period - Slapshot by Joe Callahan.
14:22 of 3rd period - Shot Blocked by Tomas Hertl.
14:33 of 3rd period - Kevin Connauton is hit by Stefan Noesen and loses puck.
14:52 of 3rd period - Minor Penalty to Derrick Pouliot for Hooking.
14:53 of 3rd period - Artem Anisimov wins face-off versus Tyler Haskins in Gangsters zone.
15:03 of 3rd period - Artem Anisimov is hit by Curtis Glencross and loses puck.
15:24 of 3rd period - Artem Anisimov is hit by Michael Chaput and loses puck.
15:43 of 3rd period - Michael Sdao is hit by Tyler Haskins and loses puck.
16:52 of 3rd period - Penalty to Derrick Pouliot is over, Derrick Pouliot is back on ice.
16:54 of 3rd period - Curtis Glencross is hit by Richard Panik and loses puck.
17:11 of 3rd period - Slapshot by Richard Panik.
17:11 of 3rd period - Shot Misses the Net.
18:09 of 3rd period - Wrist shot by Seth Griffith.
18:09 of 3rd period - Goal by Seth Griffith - Ice Dragons : 3 - Gangsters : 4.
18:10 of 3rd period - Tomas Hertl wins face-off versus Sam Carrick in neutral zone.
18:40 of 3rd period - Minor Penalty to Troy Brouwer for Goalie Interference.
18:41 of 3rd period - Artem Anisimov wins face-off versus Curtis Glencross in Ice Dragons zone.
19:08 of 3rd period - Dave Dziurzynski is hit by Adam Larsson and loses puck.
Goals for this period are 0 for Ice Dragons vs 1 for Gangsters.
Shots for this period are 0 for Ice Dragons vs 5 for Gangsters.
Back to the Top